 Dungeon Crawl Stone Soup version 0.17.0-23-g0de4337 (webtiles) character file.

221 Ijustatesigmund the Conjurer (level 5, 0/28 HPs)
             Began as a Tengu Conjurer on Nov 14, 2015.
             Slain by a worker ant (7 damage)
             ... on level 4 of the Dungeon.
             The game lasted 00:11:16 (3709 turns).

Ijustatesigmund the Conjurer (Tengu Conjurer)       Turns: 3709, Time: 00:11:17

Health: 0/28       AC:  3    Str:  8    XL:     5   Next: 98%
Magic:  0/9        EV: 13    Int: 17    God:
Gold:   177        SH:  0    Dex: 14    Spells: 3 memorised, 3 levels left

rFire  . . .     SeeInvis +     d - +0 mace
rCold  . . .     Clarity  .     a - +0 robe
rNeg   . . .     SustAt   .     (no shield)
rPois  .         Gourm    .     (helmet restricted)
rElec  .         Spirit   .     (no cloak)
rCorr  .         Warding  .     f - +0 pair of gloves
rMut   .         Stasis   .     (boots unavailable)
MR     .....                    (no amulet)
Stlth  +.........               g - ring of loudness (curse)
                                e - ring of see invisible

@: not resistant to hostile enchantments, very unstealthy
A: beak, talons 3, able to fly 1
a: Fly


You were on level 4 of the Dungeon.
You were not hungry.

You visited 1 branch of the dungeon, and saw 4 of its levels.

You collected 177 gold pieces.

Inventory:

Hand Weapons
 d - a +0 mace (weapon)
Armour
 a - a +0 robe (worn)
 f - a +0 pair of gloves (worn)
Jewellery
 e - a ring of see invisible (left hand)
 g - a cursed ring of loudness (right hand)
 n - an uncursed amulet of stasis
 o - an uncursed ring of protection from cold {unknown}
Potions
 i - a potion of haste {unknown}
 j - a potion of mutation {unknown}
 k - a potion of agility {unknown}
 p - 2 potions of curing
 q - a potion of flight {unknown}
Books
 b - a book of Conjurations

   Spells                             Type                      Level
   a - Magic Dart                     Conjuration                  1
   b - Searing Ray                    Conjuration                  2
   c - Dazzling Spray                 Conjuration/Hexes            3
   d - Fulminant Prism                Conjuration/Hexes            4
   e - Iskenderun's Mystic Blast      Conjuration                  4
   f - Iskenderun's Battlesphere      Conjuration/Charms           5
Comestibles
 c - 3 bread rations
 h - a meat ration
 l - 9 fruits
 m - a beef jerky
 r - a chunk of flesh


   Skills:
 - Level 3.2 Dodging
 - Level 3.2 Stealth
 - Level 2.5 Spellcasting
 + Level 6.7 Conjurations
 + Level 1.9 Hexes


You had 3 spell levels left.
You knew the following spells:

 Your Spells              Type           Power        Failure   Level  Hunger
a - Magic Dart            Conj           ###.         1%          1    #......
b - Searing Ray           Conj           ###...       1%          2    ##.....
c - Dazzling Spray        Conj/Hex       ###.....     12%         3    ###....


Dungeon Overview and Level Annotations

Branches:
Dungeon (4/15)
 Temple: D:4-7

Altars:
Fedhas
Okawaru


Innate Abilities, Weirdness & Mutations

You have a beak for a mouth.
You have claws for feet.
You can fly.


Message History

Aiming: Magic Dart
Press: ? - help, Shift-Dir - straight line, f/p - worker ant
Aim: a worker ant (heavily wounded)
The magic dart hits the worker ant.
The worker ant is heavily wounded.
You feel sick. The worker ant closely misses you. The worker ant bites you.
Drink which item? (? for menu, Esc to quit)
It was a potion of curing.
You feel better. The worker ant bites you.
You closely miss the worker ant. You peck the worker ant.
The worker ant is severely wounded.
The worker ant barely misses you.
You hit the worker ant.
The worker ant is severely wounded.
The worker ant misses you. The worker ant bites you.
You barely miss the worker ant.
The worker ant is severely wounded.
The worker ant bites you.
* * * LOW HITPOINT WARNING * * *
The worker ant bites you!
You die...

########
#......##########
#........#......#
#........#......#
#...............#
######@.........#
......a.......####
..............#
..............#
..............#######
.....................
##.........#.........
#.........#.........
.........+........>


You could see a worker ant.

Vanquished Creatures
  An orc priest (D:3)
  2 orc wizards
  2 gnolls
  4 adders
  2 oozes (D:1)
  2 worms (D:3)
  A giant gecko (D:3)
  6 orcs
  3 giant cockroaches
  5 hobgoblins
  9 jackals
  A quokka (D:3)
  6 bats
  5 giant newts
  7 goblins
  5 kobolds
  7 rats
68 creatures vanquished.

Notes
Turn   | Place    | Note
--------------------------------------------------------------
     0 | D:1      | Ijustatesigmund the Tengu Conjurer began the quest for the Orb.
     0 | D:1      | Reached XP level 1. HP: 10/10 MP: 4/4
   183 | D:1      | Found an iron altar of Okawaru.
   201 | D:1      | Reached XP level 2. HP: 12/15 MP: 1/6
  1099 | D:2      | Found a blossoming altar of Fedhas.
  1215 | D:2      | Reached XP level 3. HP: 19/19 MP: 2/7
  1301 | D:1      | Learned a level 2 spell: Searing Ray
  1305 | D:1      | Learned a level 3 spell: Dazzling Spray
  1696 | D:3      | Reached XP level 4. HP: 24/24 MP: 3/8
  1973 | D:3      | Reached skill level 6 in Conjurations
  2253 | D:3      | Gained mutation: You can fly. [Tengu growth]
  2253 | D:3      | Reached XP level 5. HP: 17/28 MP: 1/9
  2536 | D:2      | Reached skill level 1 in Hexes
  3709 | D:4      | Slain by a worker ant

Action                   |  1- 3 |  4- 6 || total
-------------------------+-------+-------++-------
Melee: Mace              |    14 |    26 ||    40
       Unarmed           |     1 |       ||     1
 Cast: Magic Dart        |    39 |    84 ||   123
       Searing Ray       |     1 |     6 ||     7
       Dazzling Spray    |     1 |       ||     1
  Use: Scroll            |     1 |     2 ||     3
       Potion            |       |     1 ||     1
 Stab: Sleeping          |     1 |     2 ||     3
  Eat: Chunk             |     3 |     3 ||     6
       Bread ration      |       |     1 ||     1
